 Dungeon Crawl Stone Soup version 0.21.1-1-g345015f (webtiles) character file.

50481 troglodite the Blocker (level 14, 0/110 HPs)
             Began as a Demonspawn Berserker on July 24, 2018.
             Was a High Priest of Trog.
             Slain by a two-headed ogre
             ... wielding a +0 giant club
              (4 damage)
             ... on level 14 of the Dungeon on July 25, 2018.
             The game lasted 01:07:08 (18628 turns).

troglodite the Blocker (Demonspawn Berserker)      Turns: 18628, Time: 01:07:09

Health: 0/110      AC: 19    Str: 18    XL:     14   Next: 19%
Magic:  0/7        EV:  2    Int: 10    God:    Trog [*****.]
Gold:   904        SH:  0    Dex: 16    Spells: 13/13 levels left

rFire    + . .     SeeInvis .   F - +8 flail of Neurosis {antimagic, rN+ MR+++ Stlth-}
rCold    + + .     Gourm    .   d - +0 large shield
rNeg     + + +     Faith    +   R - +1 chain mail {rC+}
rPois    ∞         Spirit   +   I - +0 hat
rElec    .         Reflect  .   A - +1 cloak
rCorr    .         Harm     .   a - +2 pair of gloves of Protective Custody {MP+9}
MR       ++++.                  C - +0 pair of boots
Stlth    ..........             g - amulet of faith
HPRegen  0.28/turn              B - +4 ring of evasion
MPRegen  0.20/turn              u - ring of protection from fire

@: petrified, berserk cooldown, slowed
A: hooves 1, large bone plates 3, cold resistance 1, powered by death 2, magic
shield, magic regeneration, magic link
a: Berserk, Trog's Hand, Brothers in Arms, Burn Spellbooks, Renounce Religion


You were on level 14 of the Dungeon.
You worshipped Trog.
Trog was extremely pleased with you.
You were not hungry.

You visited 2 branches of the dungeon, and saw 16 of its levels.
You also visited: Ice Cave.

You collected 1890 gold pieces.
You spent 986 gold pieces at shops.

Inventory:

Hand Weapons
 n - the +7 scimitar "Egoolilo" {venom, Dex+5}
   (You found it in an ice cave)

   It poisons the flesh of those it strikes.
   It affects your dexterity (+5).
 F - the +8 flail of Neurosis (weapon) {antimagic, rN+ MR+++ Stlth-}
   (You took it off a vault guard on level 13 of the Dungeon)

   It reduces the magical energy of the wielder, and disrupts the spells and
   magical abilities of those hit.
   Natural abilities and divine invocations are not affected.
   It protects you from negative energy.
   It affects your resistance to hostile enchantments.
   It makes you less stealthy.
 N - the +5 falchion "Teoqe" {venom, rPois Int+2}
   (You found it on level 12 of the Dungeon)

   It poisons the flesh of those it strikes.
   It affects your intelligence (+2).
   It protects you from poison.
Armour
 a - the +2 pair of gloves of Protective Custody (worn) {MP+9}
   (You acquired it on level 10 of the Dungeon)

   It affects your magic capacity (+9).
 d - a +0 large shield (worn)
 A - a +1 cloak (worn)
 C - a +0 pair of boots (worn)
 I - a +0 hat (worn)
 R - a +1 chain mail of cold resistance (worn)
Jewellery
 e - an uncursed amulet of regeneration
 g - an amulet of faith (around neck)
 o - an uncursed ring of ice
 u - a ring of protection from fire (right hand)
 B - a +4 ring of evasion (left hand)
 G - an uncursed ring of resist corrosion
 O - an uncursed ring of protection from fire
Wands
 h - a wand of polymorph (7)
 j - a wand of disintegration (19)
 w - a wand of enslavement (37)
 y - a wand of iceblast (5)
 J - a wand of scattershot (6)
 L - a wand of digging (25)
 M - a wand of paralysis (14)
 Q - a wand of acid (6)
Scrolls
 k - 6 scrolls of teleportation
 m - 9 scrolls of remove curse
 q - a scroll of fog
 s - 7 scrolls of identify
 D - a scroll of enchant armour
 P - a scroll of fear
Potions
 b - 2 potions of brilliance
 f - 14 potions of curing
 p - 5 potions of cancellation
 r - 2 potions of degeneration {unknown}
 t - 6 potions of haste
 v - 2 potions of lignification {unknown}
 x - a potion of magic {unknown}
 z - 2 potions of agility
 E - a potion of berserk rage {unknown}
 K - 2 potions of flight {unknown}
Books
 H - a book of Frost

   Spells                             Type                      Level
   a - Freeze                         Ice                          1
   b - Throw Frost                    Conjuration/Ice              2
   c - Ozocubu's Armour               Charms/Ice                   3
   d - Throw Icicle                   Conjuration/Ice              4
   e - Summon Ice Beast               Ice/Summoning                4
   Trog disapproves of the use of such an item.
Comestibles
 c - 18 rations


   Skills:
 * Level 10.0 Fighting
   Level 4.8(7.5) Short Blades
 + Level 9.1(9.6) Long Blades
 + Level 2.6 Maces & Flails
 * Level 9.5 Armour
 * Level 8.7 Dodging
 - Level 0.2 Stealth
 * Level 13.7 Shields


You had 13 spell levels left.
You didn't know any spells.

Dungeon Overview and Level Annotations

Branches:
Dungeon (14/15)            Temple (0/1) D:7            Lair (0/6) D:10
    Orc (2/2) D:10            Elf (0/3) Orc:2        Vaults (0/5) D:13

Altars:
Cheibriados
Dithmenos
Gozag
Kikubaaqudgha
Makhleb
Nemelex Xobeh
Okawaru
Qazlal
Ru
Sif Muna
Trog
Uskayaw
Vehumet
Wu Jian
Yredelemnul
The Shining One

Shops:
D:8 }   D:14 ?   Orc:1 :   Orc:2 (:}%

Portals:
Trove: D:12 (give 19 scrolls of identify)

Annotations:
D:11 3 runed doors


Innate Abilities, Weirdness & Mutations

You have large cloven feet.
You are completely covered in large bone plates. (SH +8)
Your flesh is cold resistant. (rC+)
You regenerate health from kills.
When hurt, damage is shared between your health and your magic reserves.
You regenerate magic rapidly.
When low on magic, you restore magic in place of health.


Message History

You turn to flesh and can move again.
Unknown command.
As you read the scroll of teleportation, it crumbles to dust.
You feel strangely unstable.
You are engulfed in calcifying dust.
You are slowing down.
The catoblepas gores you but does no damage.
The catoblepas gores you!
* * * LOW HITPOINT WARNING * * *
The catoblepas breathes a plume of calcifying dust at you.
The blast of calcifying dust hits you!
* * * LOW HITPOINT WARNING * * *
You have turned to stone.
You are engulfed in calcifying dust.
The catoblepas gores you but does no damage.
You are engulfed in calcifying dust.
Your surroundings suddenly seem different.
A two-headed ogre comes into view. It is wielding two giant clubs.
The two-headed ogre shouts in stereo!
The two-headed ogre hits you with a giant club!
You die...

#.# #.#
... #.#
#.# #.#
#.#####.#
#@O......
#########


You could see a two-headed ogre.

Vanquished Creatures
  Rupert (D:13)
  Gastronok (D:8)
  A stone giant (Orc:1)
  2 vault guards (D:13)
  A catoblepas (D:13)
  4 two-headed ogres
  Urug (D:13)
  A tengu warrior (D:13)
  3 orc high priests (Orc:2)
  Sonja (D:12)
  3 skeletal warriors (D:13)
  An unseen horror (D:12)
  2 wizards (D:13)
  A necromancer (D:13)
  A deep elf mage (D:14)
  12 ugly things
  4 orc knights
  A harpy (shapeshifter) (D:12)
  3 cyclopes
  6 orc sorcerers
  2 manticores
  Maurice (D:10)
  4 trolls
  A guardian mummy (D:12)
  2 hippogriffs
  A water elemental (D:11)
  2 wraiths
  18 humans (D:13)
  The ghost of dscm the Chopper, an amateur HOFi (D:4)
  3 wyverns
  15 yaks
  Grum (D:11)
  A hungry ghost (D:11)
  4 vampire mosquitoes (D:13)
  Menkaure (D:6)
  2 wargs (Orc:2)
  An acid dragon (D:11)
  10 ice beasts
  An eye of draining (D:9)
  3 sky beasts
  4 black bears
  21 orc warriors
  3 phantoms
  7 ogres
  A necrophage (D:5)
  3 wolves (D:11)
  16 centaurs
  An elf zombie (D:10)
  A big kobold (D:12)
  6 bullfrogs
  A gnoll sergeant (D:10)
  4 scorpions
  A wyvern skeleton (D:13)
  6 killer bees (D:11)
  5 electric eels
  11 wights
  2 howler monkeys (D:10)
  2 bullfrog zombies
  3 centaur zombies
  6 crimson imps
  4 human zombies (D:10)
  7 hounds
  5 jellies
  30 orc wizards
  A gnoll shaman (Orc:1)
  12 orc priests
  2 bullfrog skeletons
  5 centaur skeletons
  2 human skeletons (D:10)
  3 iguanas
  7 worker ants
  A hound skeleton (D:6)
  10 adders
  5 gnolls
  3 shadow imps
  5 oozes (D:8)
  3 adder skeletons
  3 worms
  15 dart slugs
  4 leopard geckos
  72 orcs
  9 bats
  4 giant cockroaches
  4 goblins
  7 hobgoblins
  8 jackals
  5 quokkas
  A ball python (D:5)
  3 frilled lizards
  A jackal skeleton (D:8)
  14 kobolds
  A leopard gecko zombie (D:6)
  An orc zombie (D:10)
  A quokka skeleton (D:4)
  A quokka zombie (D:8)
  5 rats
492 creatures vanquished.

Vanquished Creatures (collateral kills)
  A two-headed ogre (D:11)
  An obsidian statue (D:11)
  An orc knight (Orc:2)
  An ugly thing (IceCv)
  2 ice statues (IceCv)
  A troll (D:10)
  3 orc warriors (D:10)
  6 ice beasts (IceCv)
  3 ogres (D:10)
  A big kobold (D:10)
  2 gnoll sergeants (D:10)
  A gnoll (D:10)
  4 orcs (D:10)
27 creatures vanquished.

Vanquished Creatures (others)
  A wizard (D:12)
  An orc priest (Orc:2)
2 creatures vanquished.

Grand Total: 521 creatures vanquished

Notes
Turn   | Place    | Note
-------+----------+-------------------------------------------
     0 | D:1      | troglodite the Demonspawn Berserker began the quest for the Orb.
     0 | D:1      | Reached XP level 1. HP: 18/18 MP: 1/1
    68 | D:1      | Gained mutation: You are partially covered in large bone plates. (SH +4) [demonic ancestry]
    68 | D:1      | Reached XP level 2. HP: 23/24 MP: 2/2
   747 | D:2      | Found a stormy altar of Qazlal.
   856 | D:2      | Gained mutation: You regenerate a little health from kills. [demonic ancestry]
   856 | D:2      | Reached XP level 3. HP: 27/29 MP: 3/3
  1645 | D:2      | Gained mutation: You are mostly covered in large bone plates. (SH +6) [demonic ancestry]
  1645 | D:2      | Reached XP level 4. HP: 32/37 MP: 4/4
  1829 | D:3      | Reached skill level 1 in Short Blades
  1910 | D:3      | Noticed a dagger
  1911 | D:3      | Noticed a dagger
  1913 | D:3      | Found a hide-covered altar of Uskayaw.
  1936 | D:3      | Reached ** piety under Trog
  2619 | D:4      | Noticed dscm's ghost (amateur HOFi)
  2636 | D:4      | Killed dscm's ghost
  2636 | D:4      | Reached skill level 1 in Shields
  2636 | D:4      | Gained mutation: When hurt, damage is shared between your health and your magic reserves. [demonic ancestry]
  2636 | D:4      | Reached XP level 5. HP: 42/42 MP: 5/5
  2636 | D:4      | Reached XP level 6. HP: 48/48 MP: 6/6
  2709 | D:4      | Reached skill level 2 in Shields
  3195 | D:4      | Found a deep blue altar of Sif Muna.
  3655 | D:4      | Gained mutation: You are completely covered in large bone plates. (SH +8) [demonic ancestry]
  3655 | D:4      | Reached XP level 7. HP: 55/55 MP: 7/7
  3726 | D:5      | Entered Level 5 of the Dungeon
  3756 | D:5      | Reached skill level 3 in Shields
  3802 | D:5      | Found an ornate altar of the Wu Jian Council.
  4118 | D:5      | Reached *** piety under Trog
  4281 | D:5      | Reached skill level 4 in Shields
  4670 | D:5      | Reached skill level 5 in Fighting
  4738 | D:5      | Reached XP level 8. HP: 58/61 MP: 8/8
  5117 | D:6      | Reached skill level 5 in Shields
  6077 | D:6      | Noticed Menkaure
  6093 | D:6      | HP: 2/93 [orc warrior/scimitar (8)]
  6094 | D:6      | Killed Menkaure
  6350 | D:7      | Reached skill level 5 in Armour
  6427 | D:6      | Found an opulent altar of Gozag.
  6462 | D:6      | Found a sacrificial altar of Ru.
  6518 | D:6      | Reached skill level 6 in Shields
  6518 | D:6      | Gained mutation: You regenerate magic rapidly. [demonic ancestry]
  6518 | D:6      | Reached XP level 9. HP: 68/68 MP: 9/9
  6524 | D:6      | Reached **** piety under Trog
  7235 | D:7      | Found a staircase to the Ecumenical Temple.
  7418 | D:7      | Found a basalt altar of Yredelemnul.
  7671 | D:7      | Found a shadowy altar of Dithmenos.
  7672 | D:7      | Found a glowing golden altar of the Shining One.
  8163 | D:8      | Found Viric's Gadget Shop.
  8254 | D:8      | Noticed Gastronok
  8278 | D:8      | Killed Gastronok
  8278 | D:8      | Reached skill level 5 in Dodging
  8278 | D:8      | Reached skill level 8 in Shields
  8278 | D:8      | Reached XP level 10. HP: 55/76 MP: 10/10
  8760 | D:8      | Found a sparkling altar of Nemelex Xobeh.
  8760 | D:8      | Found a burning altar of Makhleb.
  8761 | D:8      | Found a snail-covered altar of Cheibriados.
  9128 | D:9      | Noticed a two-headed ogre
  9140 | D:9      | Killed a two-headed ogre
  9464 | D:9      | Found a radiant altar of Vehumet.
  9489 | D:9      | Reached skill level 9 in Shields
  9564 | D:9      | Noticed a manticore
  9577 | D:9      | Killed a manticore
  9577 | D:9      | Reached ***** piety under Trog
  9766 | D:9      | Noticed a two-headed ogre
  9774 | D:9      | Killed a two-headed ogre
 10069 | D:10     | Entered Level 10 of the Dungeon
 10070 | D:10     | Found a staircase to the Lair.
 10098 | D:10     | Found an iron altar of Okawaru.
 10218 | D:10     | Found an ancient bone altar of Kikubaaqudgha.
 10277 | D:10     | Gained mutation: You regenerate health from kills. [demonic ancestry]
 10277 | D:10     | Reached XP level 11. HP: 79/84 MP: 9/11
 10358 | D:10     | Received a gift from Trog
 10641 | D:10     | Noticed Maurice
 10684 | D:10     | Reached skill level 5 in Long Blades
 10715 | D:10     | Reached skill level 10 in Shields
 10859 | D:10     | Found a staircase to the Orcish Mines.
 10997 | D:10     | Killed Maurice
 11262 | D:11     | Noticed a two-headed ogre
 11282 | D:11     | Killed a two-headed ogre
 11448 | D:11     | Found a runed door.
 11450 | D:11     | Noticed a two-headed ogre
 11455 | D:11     | Killed a two-headed ogre
 11474 | D:11     | Found a frozen archway.
 11533 | IceCv    | Entered an ice cave
 11533 | IceCv    | Noticed a white ugly thing
 11543 | IceCv    | Killed a white ugly thing
 11568 | IceCv    | Found a transporter.
 11584 | IceCv    | Noticed a white ugly thing
 11590 | IceCv    | Killed a white ugly thing
 11613 | IceCv    | Got an encrusted scimitar
 11614 | IceCv    | Identified the +7 scimitar "Egoolilo" {venom, Dex+5} (You found it in an ice cave)
 11782 | D:11     | Reached skill level 11 in Shields
 11801 | D:11     | Noticed a purple ugly thing
 11819 | D:11     | Killed a purple ugly thing
 12135 | D:11     | Gained mutation: When low on magic, you restore magic in place of health. [demonic ancestry]
 12135 | D:11     | Reached XP level 12. HP: 85/92 MP: 12/12
 12291 | D:11     | Found a runed door.
 12312 | D:11     | Found a runed door.
 12330 | D:11     | Found a runed door.
 12691 | D:11     | Noticed Grum
 12713 | D:11     | Killed Grum
 12956 | D:11     | Received a gift from Trog
 13715 | D:12     | Got a crude falchion
 13716 | D:12     | Identified the +5 falchion "Teoqe" {venom, rPois Int+2} (You found it on level 12 of the Dungeon)
 13739 | D:12     | Found a portal to a secret trove of treasure.
 13869 | D:12     | Noticed Sonja
 13888 | D:12     | Killed Sonja
 14292 | D:12     | Found a bloodstained altar of Trog.
 14472 | D:12     | Reached skill level 12 in Shields
 14710 | Orc:1    | Entered Level 1 of the Orcish Mines
 14730 | Orc:1    | Received a gift from Trog
 14748 | Orc:1    | Noticed a stone giant
 14751 | Orc:1    | Found Coron's Book Boutique.
 14761 | Orc:1    | Killed a stone giant
 14984 | Orc:2    | Entered Level 2 of the Orcish Mines
 15205 | Orc:2    | Found a staircase to the Elven Halls.
 15523 | Orc:1    | Reached ****** piety under Trog
 15529 | Orc:1    | Received a gift from Trog
 15999 | Orc:2    | Gained mutation: You have large cloven feet. [demonic ancestry]
 15999 | Orc:2    | Reached XP level 13. HP: 100/100 MP: 13/13
 16079 | Orc:2    | Found Hurree Coyk's Weapon Shop.
 16410 | Orc:2    | Paralysed by an orc sorcerer for 7 turns
 16459 | Orc:2    | Found Raruhebb's Book Shop.
 16470 | Orc:2    | Found Gyuxub's Food Emporium.
 16470 | Orc:2    | Found Ucoxon's Gadget Emporium.
 16646 | D:10     | Identified a scroll of acquirement
 16649 | D:10     | Got a pair of transparent gloves
 16655 | D:10     | Identified the +2 pair of gloves of Protective Custody {MP+9} (You acquired it on level 10 of the Dungeon)
 16772 | D:13     | Noticed Rupert
 16776 | D:13     | Paralysed by Rupert for 6 turns
 16797 | D:13     | HP: 5/101 [Rupert/great sword of protection (15)]
 16808 | D:13     | Killed Rupert
 16836 | D:13     | Reached skill level 13 in Shields
 17223 | D:13     | Got a faintly glowing flail {antimagic}
 17224 | D:13     | Identified the +8 flail of Neurosis {antimagic, rN+ MR+++ Stlth-} (You took it off a vault guard on level 13 of the Dungeon)
 17596 | D:13     | Reached skill level 1 in Maces & Flails
 17633 | D:13     | Noticed Urug
 17653 | D:13     | Killed Urug
 17653 | D:13     | Gained mutation: Your flesh is cold resistant. (rC+) [demonic ancestry]
 17653 | D:13     | Reached XP level 14. HP: 55/109 MP: 5/14
 17672 | D:13     | Got an ancient dagger {venom}
 17840 | D:13     | Identified the +4 dagger "Sofucutzau" {venom, Str+6} (You took it off an orc on level 13 of the Dungeon)
 17985 | D:13     | Found a gate to the Vaults.
 18250 | D:14     | Found Tuwnu's Magic Scroll Shoppe.
 18437 | D:14     | Reached skill level 10 in Fighting
 18494 | D:14     | Bought a scroll of acquirement for 884 gold pieces
 18494 | D:14     | Bought a scroll of identify for 34 gold pieces
 18494 | D:14     | Bought a scroll of identify for 34 gold pieces
 18494 | D:14     | Bought a scroll of identify for 34 gold pieces
 18626 | D:14     | HP: 4/110 [catoblepas/blast of calcifying dust (2)]
 18628 | D:14     | Slain by a two-headed ogre

Skill      XL: |  1  2  3  4  5  6  7  8  9 10 11 12 13 14 |
---------------+-------------------------------------------+-----
Armour         | 2 3 4 5 6 7 8 9 |  9.5
Dodging        | 2 3 4 5 6 7 8 |  8.7
Long Blades    | 3 4 6 7 9 |  9.1
Short Blades   | 2 3 4 |  4.8
Fighting       | 4 5 6 7 8 9 10 | 10.0
Shields        | 1 2 4 6 8 9 11 12 13 | 13.7
Maces & Flails | 1 2 |  2.6
Stealth        | |  0.2

Action                   |  1- 3 |  4- 6 |  7- 9 | 10-12 | 13-15 || total
-------------------------+-------+-------+-------+-------+-------++-------
Melee: Dagger            |    96 |   152 |   402 |     3 |       ||   653
       Falchion          |     2 |       |       |       |       ||     2
       Long sword        |       |       |       |   492 |       ||   492
       Scimitar          |       |       |       |   473 |   332 ||   805
       Flail             |       |       |       |       |   255 ||   255
Invok: Berserk           |     1 |     4 |    11 |    22 |    13 ||    51
       Burn Spellbooks   |       |       |     2 |     1 |       ||     3
       Brothers in Arms  |       |       |       |     4 |     1 ||     5
  Use: Scroll            |       |       |     8 |     9 |     7 ||    24
       Potion            |       |       |     3 |       |     1 ||     4
 Stab: Distracted        |       |       |       |     1 |       ||     1
       Petrified         |       |       |       |       |     4 ||     4
       Petrifying        |       |       |       |       |     1 ||     1
  Eat: Chunk             |     3 |     9 |    22 |    43 |    17 ||    94
       Ration            |       |       |     1 |     2 |     2 ||     5
Armor: Animal skin       |     7 |       |       |       |       ||     7
       Scale mail        |     3 |    26 |    37 |   223 |       ||   289
       Plate armour      |       |       |    75 |    11 |       ||    86
       Chain mail        |       |       |       |     1 |   196 ||   197
Dodge: Dodged            |    53 |    11 |    40 |   315 |   168 ||   587
Block: Other             |    10 |       |       |       |       ||    10
       Large shield      |       |   100 |   410 |  1287 |   739 ||  2536
       Rpst.: Falchion   |     1 |       |       |       |       ||     1
       Long sword        |       |       |       |    19 |       ||    19
       Scimitar          |       |       |       |    47 |    27 ||    74
